 Dungeon Crawl Stone Soup version 0.31-a0-1068-g5939ac1fb6 (webtiles) character file.

Game seed: 12740015219185113261

69 Dirtsage the Slasher (level 4, 0/35 HPs)
             Began as a Demonspawn Monk on Nov 24, 2023.
             Slain by Grinder (7 damage)
             ... while paralysed by Grinder
             ... on level 3 of the Dungeon on Nov 25, 2023.
             The game lasted 00:03:36 (2016 turns).

Dirtsage the Slasher (Demonspawn Monk)              Turns: 2016, Time: 00:03:37

Health: 0/35       AC:  7    Str: 11    XL:     4   Next: 2%
Magic:  4/4        EV:  2    Int: 12    God:
Gold:   164        SH:  0    Dex: 17    Spells: 3/3 levels left

rFire   . . .        a - +0 falchion
rCold   . . .        d - orb {light}
rNeg    . . .        q - +0 ring mail
rPois   .            (helmet restricted)
rElec   .            (no cloak)
rCorr   .            (no gloves)
SInv    .            (no boots)
Will    .....        (no amulet) Stlth
                     (no ring)
HPRegen 0.25/turn    (no ring)
MPRegen 0.09/turn

%: no passive effects
@: confused, paralysed, ambrosia-drunk, glowing
A: horns 1, yellow scales 1
a: no special abilities


You were on level 3 of the Dungeon.
You visited 1 branch of the dungeon, and saw 3 of its levels.

You collected 164 gold pieces.

Inventory:

Hand Weapons
 a - a +0 falchion (weapon)
Armour
 b - a +0 robe
 d - an orb of light (worn)
 g - a +0 leather armour
 h - a +0 cloak
 q - a +0 ring mail (worn)
Magical Staves
 s - a staff of earth
Jewellery
 l - an amulet of the acrobat
Scrolls
 f - 3 scrolls of silence {unknown}
 i - 2 scrolls of identify {unknown}
 j - 2 scrolls of vulnerability {unknown}
 k - a scroll of amnesia {unknown}
 m - a scroll of fog {unknown}
 n - a scroll of teleportation {unknown}
 p - a scroll of enchant weapon {unknown}
 r - a scroll of brand weapon {unknown}
Potions
 o - a potion of resistance {unknown}
 t - a potion of haste {unknown}
 u - a potion of brilliance {unknown}


   Skills:
 - Level 3.0 Fighting
 + Level 4.5 Long Blades
 - Level 2.6 Dodging


You had 3 spell levels left.
You didn't know any spells.
Your spell library contained the following spells:

 Spells                   Type           Power      Damage    Failure   Level
 Apportation              Tloc           0%         N/A       63%         1
 Jinxbite                 Hex            0%         N/A       77%         2
 Tukima's Dance           Hex            0%         N/A       94%         3
 Dimensional Bullseye     Hex/Tloc       0%         N/A       100%        4
 Iskenderun's Mystic Bla  Conj/Tloc      0%         2d3       100%        4
 Alistair's Intoxication  Tmut/Pois      0%         N/A       100%        5


Dungeon Overview and Level Annotations

Branches:
Dungeon (3/15)

Altars:

Shops:
D:2 [

Annotations:
D:3 Grinder


Innate Abilities, Weirdness & Mutations

You have a pair of small horns on your head.
You are partially covered in yellow scales. (AC +2)


Message History

Grinder zaps a wand.
The puff of flame hits you.
You take 4 damage, and have 21/35 hp.
You closely miss Grinder. You headbutt Grinder, but do no damage.
Grinder is moderately wounded.
Grinder completely misses you.
You hit Grinder but do no damage. You headbutt Grinder.
Grinder is moderately wounded.
Grinder hits you.
You writhe in agony.
You take 5 damage, and have 16/35 hp.
You hit Grinder.
Grinder is moderately wounded.
Grinder hits you.
You writhe in agony.
You take 4 damage, and have 12/35 hp.
You hit Grinder but do no damage.
Grinder is moderately wounded.
Grinder gestures at you. Pain shoots through your body!
* * * LOW HITPOINT WARNING * * *
You take 2 damage, and have 10/35 hp.
You hit Grinder.
Grinder is heavily wounded.
Grinder zaps a wand.
The puff of flame hits you.
* * * LOW HITPOINT WARNING * * *
You take 3 damage, and have 7/35 hp.
You hit Grinder but do no damage. Your headbutt misses Grinder.
Grinder is heavily wounded.
Grinder hits you.
* * * LOW HITPOINT WARNING * * *
You take 6 damage, and have 1/35 hp.
You are confused.
You feel invigorated. Grinder gestures at you.
You suddenly lose the ability to move!
Grinder hits you.
* * * LOW HITPOINT WARNING * * *
You writhe in agony.
* * * LOW HITPOINT WARNING * * *
Grinder hits you!
You die...
Grinder says, "Now the real fun starts!"

... #.##### ..
#..... #..
#.##### ##$##
#... #.$. #.##
#..# #######.##
#5.# ..........
#@.# #########.
#.(# #.
#.!######## #.
#.........# #.
##.######.# #.
#.######.## #.
#.........######.
######...........
##...######.


You could see Grinder.

Vanquished Creatures
  An adder (D:2)
  4 dart slugs (D:1)
  5 endoplasms
  A giant cockroach (D:2)
  4 goblins
  5 hobgoblins
  5 kobolds
  4 quokkas
  9 ball pythons
  4 bats (D:2)
  7 frilled lizards
  A rat (D:1)
50 creatures vanquished.

Notes
Turn   | Place    | Note
-------+----------+-------------------------------------------
     0 | D:1      | Dirtsage the Demonspawn Monk began the quest for the Orb.
     0 | D:1      | Reached XP level 1. HP: 18/18 MP: 1/1
    58 | D:1      | Reached skill level 3 in Long Blades
   214 | D:1      | Gained mutation: You have a pair of small horns on your
                  | head. [demonic ancestry]
   214 | D:1      | Reached XP level 2. HP: 21/24 MP: 2/2
   748 | D:1      | Gained mutation: You are partially covered in yellow
                  | scales. (AC +2) [demonic ancestry]
   748 | D:1      | Reached XP level 3. HP: 28/29 MP: 3/3
   974 | D:2      | Reached skill level 4 in Long Blades
  1567 | D:2      | Found Jiaf's Armour Emporium.
  1819 | D:3      | Reached XP level 4. HP: 35/35 MP: 4/4
  1995 | D:3      | Noticed Grinder
  2013 | D:3      | HP: 1/35 [Grinder (6)]
  2014 | D:3      | Paralysed by Grinder for 4 turns
  2016 | D:3      | Slain by Grinder

Illustrated notes

Levels and vault maps discovered:
D:1:      dpeg_arrival_erosion, layout_loops_ring, minmay_cut_off
D:2:      layout_loops_ring, serial_shops, nicolae_shop_real_fake_doors
D:3:      layout_loops_ring, uniq_grinder

Skill      XL: |  1  2  3 |
---------------+----------+-----
Long Blades    | 3 4 |  4.5
Fighting       | |  3.0
Dodging        | |  2.6

Action                     |  1- 3 |  4- 6 || total
---------------------------+-------+-------++-------
  Melee: Falchion          |   111 |    14 ||   125
         Headbutt          |    12 |     3 ||    15
  Throw: Throwing net      |       |     1 ||     1
    Use: Potion            |       |     1 ||     1
 Armour: Robe              |     8 |       ||     8
         Leather armour    |    23 |       ||    23
         Ring mail         |    19 |    13 ||    32
  Dodge: Dodged            |    68 |     5 ||    73

Table legend: (Time is in decaauts)
 A = Elapsed time spent in this place.
 B = Non-inter-level travel time spent in this place.
 C = Inter-level travel time spent in this place.
 D = Time resting spent in this place.
 E = Time spent auto-exploring this place.
 F = Levels seen in this place.
 G = Mean time per level.
                   A        B        C        D        E       F      G
               +--------+--------+--------+--------+--------+-----+--------+
         Total |   2028 |   1986 |     42 |      0 |   1651 |   3 |  676.0 |
       Dungeon |   2028 |   1986 |     42 |      0 |   1651 |   3 |  676.0 |
               +--------+--------+--------+--------+--------+-----+--------+

Top non-repeatable levels by time:
     D:1: 965 daAuts
     D:2: 798 daAuts
     D:3: 264 daAuts
